Map: Dämmertürme

Players

DeMusliM - Winner!

  • Race: Terran Terran
  • League: Platinum

Malgo

  • Race: Zerg Zerg
  • League: Diamond

VOD

Have the link to the VOD?

Description

Time

  • Played on: Nov. 14, 2015, 8:15 p.m.
  • Length: 8:42
Show
View Real Time Build Order
Export as new Build Order

DeMusliM Terran - Winner!

Build Orders: Liberator Opening, Reaper Expand, MMM Bio 

Get SALT Encoding   

  12  0:01  SCV  
  13  0:13  SCV  
  14  0:17  Supply Depot  
  14  0:26  SCV  
  15  0:39  SCV  
  15  0:42  Barracks  
  16  0:45  Refinery  
  16  0:51  SCV  
  17  1:03  SCV  
  18  1:15  SCV  
  19  1:29  Reaper  
  19  1:32  Orbital Command  
  20  1:38  Command Center  
  20  1:48  Supply Depot  
  20  1:58  SCV  
  21  2:03  Marine  
  22  2:11  SCV, Factory  
  23  2:23  SCV  
  23  2:24  Barracks Reactor  
  24  2:39  SCV  
  25  2:47  Command Center  
  25  2:51  SCV  
  26  3:01  Refinery  
  26  3:04  Starport  
  26  3:05  SCV  
  27  3:08  Hellion x2  
  31  3:13  Orbital Command  
  31  3:29  Barracks Tech Lab  
  31  3:30  Hellion  
  31  3:31  Hellion  
  31  3:33  SCV  
  36  3:39  Liberator  
  35  3:45  SCV  
  35  3:46  SCV  
  37  3:58  SCV x2, Barracks Tech Lab  
  37  3:59  Orbital Command  
  42  4:08  Hellion x2  
  46  4:10  SCV x2  
  48  4:17  Marine  
  48  4:18  Stimpack  
  48  4:22  SCV x2  
  48  4:23  Orbital Command  
  51  4:25  Supply Depot  
  51  4:34  SCV x2  
  51  4:37  Factory Reactor  
  53  4:46  SCV x2  
  53  4:51  SCV, Barracks, Supply Depot  
  56  4:54  Barracks  
  56  4:58  SCV x2  
  58  5:03  SCV  
  59  5:07  Starport Reactor  
  59  5:10  SCV x2, Barracks x2  
  59  5:13  Engineering Bay  
  61  5:15  SCV  
  61  5:17  Engineering Bay  
  62  5:22  Armory, SCV  
  62  5:23  SCV  
  62  5:25  Refinery  
  62  5:27  SCV  
  65  5:29  Refinery  
  65  5:34  SCV  
  65  5:35  SCV  
  67  5:39  SCV  
  65  5:46  SCV  
  65  5:47  SCV  
  65  5:48  Supply Depot  
  65  5:49  Terran Infantry Weapons Level 1, Terran Infantry Armor Level 1, Marine  
  68  5:52  SCV  
  68  5:53  Marine x2, Medivac  
  73  5:59  SCV x2  
  73  6:00  Factory Reactor, Marine x2  
  73  6:01  Barracks Reactor  
  73  6:02  Barracks x2  
  77  6:09  SCV, Marine x2  
  77  6:11  SCV x2, Supply Depot, Marine  
  82  6:12  Supply Depot  
  82  6:14  Supply Depot  
  82  6:15  Combat Shields  
  83  6:19  Concussive Shells  
  83  6:22  SCV  
  83  6:23  SCV  
  85  6:32  Medivac, Marine x3  
  85  6:33  SCV, Marine, Supply Depot, Marauder  
  85  6:34  Marauder  
  85  6:35  SCV, Refinery  
  85  6:37  Marine x2  
  85  6:39  Medivac  
  101  6:41  Widow Mine  
  101  6:43  SCV  
  101  6:45  SCV  
  101  6:47  SCV  
  106  6:50  Marine x2  
  106  6:51  Barracks Reactor, Missile Turret  
  108  6:54  Missile Turret  
  108  6:55  Missile Turret, Marauder  
  108  6:56  Supply Depot  
  108  6:57  SCV x2  
  112  7:01  Supply Depot  
  112  7:04  Supply Depot  
  112  7:06  Supply Depot, Marauder, Marine  
  115  7:18  Marine  
  115  7:19  Marauder, Marine x3  
  115  7:20  Barracks Reactor  
  115  7:25  Barracks  
  115  7:26  Command Center, Marine  
  115  7:27  Marine  
  115  7:28  Marauder  
  116  7:33  Marine x2  
  116  7:35  Medivac x2  
  122  7:39  Marine x2  
  122  7:40  Marauder, Marine x2  
  122  7:42  Widow Mine  
  122  7:43  Widow Mine  
  132  7:52  Supply Depot x2  
  132  7:53  Supply Depot  
  132  8:01  Marauder, Marine x2  
  132  8:05  Medivac, Marine x5  
  140  8:06  Supply Depot  
  140  8:09  Marine x3  
  140  8:11  Marine  
  146  8:19  Marine x2  
  148  8:23  Marine x2  
Show
View Real Time Build Order
Export as new Build Order

Malgo Zerg 

Build Orders: Hatch First 

Get SALT Encoding   

  12  0:01  Drone  
  13  0:09  Drone  
  14  0:17  Overlord  
  14  0:26  Drone, Extractor  
  15  0:35  Drone x2  
  17  0:53  Hatchery  
  17  0:56  Drone  
  17  0:59  Drone  
  18  1:07  Extractor  
  17  1:16  Spawning Pool  
  16  1:19  Drone  
  16  1:21  Drone  
  18  1:27  Drone  
  19  1:38  Overlord  
  19  2:02  Queen  
  19  2:04  Zergling x4  
  19  2:05  Queen  
  19  2:07  Drone  
  26  2:10  Drone  
  26  2:12  Metabolic Boost  
  27  2:16  Drone  
  27  2:21  Drone  
  29  2:33  Drone  
  29  2:38  Queen  
  31  2:49  Drone, Overlord  
  32  3:00  Drone x3  
  35  3:14  Zergling x4  
  37  3:21  Spore Crawler  
  37  3:26  Drone x2, Overlord  
  37  3:33  Drone x6  
  43  3:44  Overlord  
  43  3:52  Hatchery  
  42  3:56  Extractor x2  
  42  3:57  Lair  
  42  3:59  Drone x2, Extractor  
  42  4:00  Drone  
  42  4:04  Roach Warren  
  40  4:15  Zergling x4  
  42  4:17  Drone x4  
  42  4:20  Drone x2  
  47  4:24  Drone  
  48  4:40  Overlord  
  48  4:41  Drone x2  
  48  4:42  Drone  
  51  4:54  Queen  
  51  4:59  Spire  
  52  5:04  Queen  
  52  5:06  Roach x2  
  52  5:07  Roach x4  
  59  5:28  Drone x5  
  61  5:29  Drone  
  62  5:42  Drone x3  
  65  5:44  Overlord  
  65  5:48  Queen  
  67  5:51  Drone  
  67  5:53  Glial Reconstitution  
  67  5:56  Overlord  
  68  5:58  Overseer  
  68  6:01  Drone  
  69  6:12  Corruptor x3  
  75  6:19  Drone x3  
  75  6:21  Drone x2  
  75  6:23  Drone  
  75  6:25  Overseer  
  81  6:46  Hatchery, Drone x4  
  81  6:47  Drone  
  85  6:48  Evolution Chamber  
  85  6:49  Evolution Chamber  
  83  6:55  Infestation Pit  
  82  7:04  Overlord x2  
  82  7:15  Drone x2  
  77  7:25  Drone x3  
  77  7:26  Drone x5  
  85  7:32  Drone x2  
  87  7:39  Drone  
  87  7:40  Drone x5  
  93  7:53  Roach x5  
  103  8:03  Drone x2  
  103  8:04  Drone, Extractor  
  105  8:06  Corruptor x2  
  106  8:20  Ravager x3  
  106  8:22  Roach  
  106  8:24  Overlord  
Tags
 
Add a new tag
Caveats
  • Supply blocks, unpowered buildings, or Contaminate may cause inaccurate times.
  • Supply counts are checked every 10 seconds.